 Dungeon Crawl Stone Soup version 0.30.1-11-g7821555f0a (webtiles) character file.

Game seed: 18394055635229331476

37 Panamasi the Magician (level 3, -3/26 HPs)
             Began as a Djinni Fire Elementalist on Dec 11, 2023.
             Was a Believer of Ru.
             Slain by a hobgoblin (6 damage)
             ... led by Robin
             ... on level 2 of the Dungeon.
             The game lasted 00:03:47 (1011 turns).

Panamasi the Magician (Djinni Fire Elementalist)    Turns: 1011, Time: 00:03:48

Health: -3/26      AC:  2    Str:  9    XL:     3   Next: 60%
Gold:   121        EV: 12    Int: 16    God:    Ru [**....] SH:  0 Dex: 13

rFire   + + .        b - +1 double sword (spect)
rCold   x . .        (no shield)
rNeg    . . .        a - +0 robe
rPois   ∞            (no helmet)
rElec   .            (no cloak)
rCorr   .            (no gloves)
SInv    .            (boots unavailable)
Will    .....        g - amulet of faith
Stlth   ++           (no ring)
HPRegen 0.24/turn    (no ring)
MPRegen 0.00/turn

%: faith, infuse magic (-4 HP)
@: flying, very slightly contaminated
A: sickness immunity, fire resistance 2, cold vulnerability 1, hated by all,
float, innate caster, HP casting, extra vitality 1
a: Renounce Religion


You were on level 2 of the Dungeon.
You worshipped Ru.
Ru was pleased with you.
You visited 1 branch of the dungeon, and saw 2 of its levels.

You collected 121 gold pieces.

Inventory:

Hand Weapons
 b - a +1 spectral double sword (weapon)
Armour
 a - a +0 robe (worn)
Jewellery
 g - an amulet of faith (around neck)
Scrolls
 c - a scroll of noise
 e - 2 scrolls of vulnerability
 h - 3 scrolls of enchant weapon


   Skills:
 * Level 0.8 Fighting
 * Level 0.1 Long Blades
 * Level 0.5 Armour
 * Level 2.4 Dodging
 * Level 1.7 Stealth
 * Level 3.0 Spellcasting


You knew the following spells:

 Your Spells              Type           Power      Damage    Failure   Level
a - Foxfire               Conj/Fire      48%        2x1d6     5%          1
b - Scorch                Fire           24%        2d6       8%          2
c - Volatile Blastmotes   Fire/Tloc      24%        2d12      16%         3
d - Inner Flame           Hex/Fire       12%        N/A       16%         3
e - Flame Wave            Conj/Fire      12%        2d6       45%         4
f - Beastly Appendage     Tmut           24%        N/A       5%          1
Your spell library was empty.

Dungeon Overview and Level Annotations

Branches:
Dungeon (2/15)

Altars:
Ru

Annotations:
D:2 Robin


Innate Abilities, Weirdness & Mutations

You are immune to sickness and miasma.
You are immune to poison.
Your flesh is very heat resistant. (rF++)
You are vulnerable to cold. (rC-)
You are hated by all.
You float through the air rather than walking.
You learn spells naturally, not from books.
Your magical power is your life essence.
You have superior vitality. (+4 MHP)


Message History

The goblin dies!
Robin zaps a wand.
You resist with some effort. The goblin hits you but does no damage.
Casting: Inner Flame (quite dangerous; 16% risk of failure)
Confirm with . or Enter, or press ? or * to list all spells.
The spell is quite dangerous to miscast (16% risk of failure)!
Continue anyway?
Aiming: Inner Flame (quite dangerous; 16% risk of failure)
Press: ? - help, Dir - move target, f/p - hobgoblin
Aim: a hobgoblin (strong, chance to affect: 79%)
You miscast Inner Flame.
You are very lightly contaminated with residual magic.
Nothing appears to happen.
The goblin barely misses you.
Unknown command.
Casting: Inner Flame (quite dangerous; 16% risk of failure)
Confirm with . or Enter, or press ? or * to list all spells.
The spell is quite dangerous to miscast (16% risk of failure)!
Continue anyway?
Aiming: Inner Flame (quite dangerous; 16% risk of failure)
Press: ? - help, Dir - move target, f/p - hobgoblin
Aim: a hobgoblin (strong, chance to affect: 79%)
The hobgoblin barely resists.
Robin zaps a wand.
You resist with some effort. The goblin hits you with a +0 club.
Unknown command.
As you read the scroll labelled FEAS BYXOELA, it crumbles to dust.
It is a scroll of enchant weapon.
Your +0 double sword glows red for a moment.
Robin hits you with a +0 dagger.
* * * LOW HITPOINT WARNING * * *
The hobgoblin barely misses you. The goblin hits you with a +0 club.
* * * LOW HITPOINT WARNING * * *
As you read the scroll labelled ESYPOMYZET, it crumbles to dust.
Nothing appears to happen.
It was a scroll of butterflies.
Robin zaps a wand.
You resist with some effort. The hobgoblin barely misses you.
The goblin misses you.
Unknown command.
As you read the scroll labelled FOJOPO OMANGAO, it crumbles to dust.
It is a scroll of brand weapon.
Your +1 double sword acquires a faint afterimage.
b - a +1 spectral double sword (weapon)
Robin hits you but does no damage. The hobgoblin hits you.
You die...

############# #.......gg...
#.###......gg
###############g###.#....g.
................@gg.# ####g
##...######....)g#### #.#.#
#.###.## #.#.# #.# ###
#.#.# #.# #.#.# #.# #.#.#
... ..#.# #.# .##.# #.#


You could see Robin, a hobgoblin (strong) and 2 goblins.

Vanquished Creatures
  An adder (D:2)
  A dart slug (D:1)
  2 ball pythons
  5 endoplasms (D:1)
  A giant cockroach (D:1)
  4 goblins
  A hobgoblin (D:2)
  A quokka (D:1)
  4 bats
  A frilled lizard (D:1)
  A kobold (D:1)
  2 rats (D:1)
24 creatures vanquished.

Vanquished Creatures (others)
  A goblin (D:2)
  22 foxfires
23 creatures vanquished.

Grand Total: 47 creatures vanquished

Notes
Turn   | Place    | Note
-------+----------+-------------------------------------------
     0 | D:1      | Panamasi the Djinni Fire Elementalist began the quest for
                  | the Orb.
     0 | D:1      | Panamasi set off with the following spells memorised:
                  | Foxfire, Scorch, Volatile Blastmotes, Inner Flame, Flame
                  | Wave.
     0 | D:1      | Reached XP level 1. HP: 15/15 MP: 0/0
   227 | D:1      | Reached XP level 2. HP: 20/21 MP: 0/0
   240 | D:1      | Found a faded altar of an unknown god.
   276 | D:1      | Prayed at the altar of an unknown god.
   276 | D:1      | Became a worshipper of Ru the Awakened
   296 | D:1      | Gained mutation: You are hated by all. [Ru sacrifice]
   296 | D:1      | Reached * piety under Ru
   296 | D:1      | Reached ** piety under Ru
   726 | D:1      | Reached XP level 3. HP: 26/26 MP: 0/0
   726 | D:1      | Learned a level 1 spell: Beastly Appendage
   973 | D:2      | Reached skill level 3 in Spellcasting
   991 | D:2      | Noticed Robin
  1011 | D:2      | Slain by a hobgoblin

Illustrated notes

Levels and vault maps discovered:
D:1:      dpeg_arrival_castle, layout_loops_cross,
          hellmonk_ecumenical_altar_arch_garden
D:2:      minmay_wonky_spiral, layout_loops_ring, serial_shops,
          nicolae_shop_peninsula, basic_altar, uniq_robin

Skill      XL: |  1  2  3 |
---------------+----------+-----
Spellcasting   | 3 |  3.0
Fighting       | |  0.8
Long Blades    | |  0.1
Armour         | |  0.5
Dodging        | |  2.4
Stealth        | |  1.7

Action                     || total
---------------------------++-------
  Melee: Unarmed           ||     1
         Double sword      ||    15
   Cast: Foxfire           ||    14
         Scorch            ||     4
         Inner Flame       ||     4
 Invoke: Sacrifice Love    ||     1
    Use: Scroll            ||     5
         Potion            ||     1
   Stab: Sleeping          ||     1
 Armour: Robe              ||    10
  Dodge: Dodged            ||    33
